 Dungeon Crawl Stone Soup version 0.18-a0-721-g8fc53f4 (webtiles) character file.

19 Ijustatesigmund the Conjurer (level 2, -6/17 HPs)
             Began as an Octopode Conjurer on Dec 8, 2015.
             Mangled by a gnoll
             ... wielding a cursed +0 halberd
              (7 damage)
             ... on level 1 of the Dungeon.
             The game lasted 00:02:02 (671 turns).

Ijustatesigmund the Conjurer (Octopode Conjurer)     Turns: 671, Time: 00:02:02

Health: -6/17      AC:  1    Str: 12    XL:     2   Next: 75%
Magic:  0/5        EV: 12    Int: 17    God:
Gold:   11         SH:  0    Dex: 12    Spells: 2 memorised, 3 levels left

rFire  . . .     SeeInvis .     h - +0 short sword
rCold  . . .     Clarity  .     (no shield)
rNeg   . . .     SustAt   .     (helmet restricted)
rPois  .         Gourm    .     (no amulet)
rElec  .         Spirit   .     (no ring)
rCorr  .         Dismiss  .     (no ring)
rMut   .         Stasis   .     (no ring)
MR     .....                    (no ring)
Stlth  ++++......               (no ring)
                                (no ring)
                                (no ring)
                                (no ring)

@: mighty, not resistant to hostile enchantments, stealthy
A: almost no armour, amphibious, 8 rings, constrict 8, camouflage 1, gelatinous
body 1
a: no special abilities


You were on level 1 of the Dungeon.
You were not hungry.

You visited 1 branch of the dungeon, and saw 1 of its levels.

You collected 11 gold pieces.

Inventory:

Hand Weapons
 h - a +0 short sword (weapon)
Scrolls
 c - a scroll of blinking {unknown}
 g - a scroll of remove curse {unknown}
 i - a scroll of identify {unknown}
 j - a scroll of recharging {unknown}
Potions
 d - a potion of cancellation {unknown}
 e - a potion of might
Books
 a - a book of Conjurations

   Spells                             Type                      Level
   a - Magic Dart                     Conjuration                  1
   b - Searing Ray                    Conjuration                  2
   c - Dazzling Spray                 Conjuration/Hexes            3
   d - Fulminant Prism                Conjuration/Hexes            4
   e - Iskenderun's Mystic Blast      Conjuration                  4
   f - Iskenderun's Battlesphere      Conjuration/Charms           5
Comestibles
 b - a bread ration
 f - a meat ration


   Skills:
 - Level 2.0 Dodging
 + Level 3.6 Stealth
 + Level 2.5 Spellcasting
 - Level 4.0 Conjurations


You had 3 spell levels left.
You knew the following spells:

 Your Spells              Type           Power        Failure   Level  Hunger
a - Magic Dart            Conj           ###.         3%          1    #......
b - Searing Ray           Conj           ###...       6%          2    ##.....


Dungeon Overview and Level Annotations

Branches:
Dungeon (1/15)

Altars:


Innate Abilities, Weirdness & Mutations

You cannot wear most types of armour.
You are amphibious.
You can wear up to eight rings at the same time.
You can use your tentacles to constrict eight enemies at once.
Your skin changes colour to match your surroundings (Stealth).
Your rubbery body absorbs attacks (AC +1).


Message History

Press: ? - help, Shift-Dir - straight line, f - gnoll
Aim: a gnoll, wielding a halberd The searing ray hits the gnoll.
The gnoll is heavily wounded.
The gnoll closely misses you.
The searing ray hits the gnoll.
The gnoll is severely wounded.
The gnoll closely misses you.
Without enough magic to sustain it, your searing ray dissipates.
The gnoll hits you from afar with a halberd!
Ouch! That really hurt!
* * * LOW HITPOINT WARNING * * *
Casting: Searing Ray
Confirm with . or Enter, or press ? or * to list all spells.
You don't have enough magic to cast that spell.
Drink which item? (? for menu, Esc to quit)
It was a potion of might.
You feel very mighty all of a sudden.
The gnoll hits you from afar with a halberd!
You die...

#############
#...........#
#.#########.#
#.##...# #.#
#.##...# #.#
#.##...####.#
#@.'...'.>..#
#..#...######...
#g.####(........
#..# #.########
......†...# #.#
#####.#...###'##
.......#....#
###.....#....#
.....#....#########


You could see a gnoll.

Vanquished Creatures
  An ooze (D:1)
  A giant gecko (D:1)
  A giant cockroach (D:1)
  3 goblins (D:1)
  2 hobgoblins (D:1)
  3 kobolds (D:1)
  A bat (D:1)
  A rat (D:1)
13 creatures vanquished.

Notes
Turn   | Place    | Note
--------------------------------------------------------------
     0 | D:1      | Ijustatesigmund the Octopode Conjurer began the quest for the Orb.
     0 | D:1      | Reached XP level 1. HP: 11/11 MP: 3/3
   181 | D:1      | Reached XP level 2. HP: 10/17 MP: 1/5
   198 | D:1      | Learned a level 2 spell: Searing Ray
   671 | D:1      | Mangled by a gnoll

Vault maps used:
D:1:      co_arrival_random_square_maze

Action                   || total
-------------------------++-------
Melee: Unarmed           ||     3
       Short sword       ||     2
 Cast: Magic Dart        ||    24
       Searing Ray       ||     1
  Use: Potion            ||     1
